 Dungeon Crawl Stone Soup version 0.19-a0-860-g5c370dd (webtiles) character file.

54239 Ladykiller69 the Severer (level 15, -11/114 HPs)
             Began as a Formicid Fighter on July 2, 2016.
             Was the Champion of Cheibriados.
             Mangled by an orc warrior
             ... wielding a +0 trident
              (26 damage)
             ... on level 2 of the Orcish Mines.
             The game lasted 01:30:38 (14651 turns).

Ladykiller69 the Severer (Formicid Fighter)        Turns: 14651, Time: 01:30:39

Health: -11/114    AC: 17    Str: 47    XL:     15   Next: 13%
Magic:  16/21      EV: 16    Int: 22    God:    Cheibriados [******]
Gold:   1623       SH: 22    Dex: 28    Spells: 0 memorised, 14 levels left

rFire  + + .     SeeInvis +     M - +2 broad axe (vamp)
rCold  . . .     Gourm    .     R - +0 plate armour
rNeg   . . .     Faith    .     e - +3 shield
rPois  +         Spirit   .     (helmet unavailable)
rElec  .         Dismiss  .     O - +0 cloak of Trumpets {rPois rF+ Str+2}
rCorr  .         Reflect  +     g - +0 pair of gloves
SustAt .         Harm     .     S - +2 pair of boots
MR     +....                    K - amulet of Firireos {Reflect rF+ Str+2 Dex+3 SH+3}
Stlth  ..........               (no ring)
                                (no ring)

@: corroded, very slow, somewhat resistant to hostile enchantments, extremely
unstealthy
A: permanent stasis, dig shafts and tunnels, four strong arms, antennae 3,
screaming 1
a: Dig, Shaft Self, Bend Time, Temporal Distortion, Slouch, Step From Time,
Renounce Religion


You were on level 2 of the Orcish Mines.
You worshipped Cheibriados.
Cheibriados was exalted by your worship.
You were hungry.

You visited 4 branches of the dungeon, and saw 19 of its levels.

You collected 2123 gold pieces.
You spent 500 gold pieces at shops.

Inventory:

Hand Weapons
 M - a +2 vampiric broad axe (weapon)
 Q - a +1 scimitar of flaming
Missiles
 B - 13 tomahawks (quivered)
 G - 2 tomahawks of returning
Armour
 e - a +3 shield (worn)
 g - a +0 pair of gloves (worn)
 O - the +0 cloak of Trumpets (worn) {rPois rF+ Str+2}
   (You bought it in a shop on level 4 of the Dungeon)

   It affects your strength (+2).
   It protects you from fire.
   It protects you from poison.
 R - a +0 plate armour (worn)
 S - a +2 pair of boots (worn)
Jewellery
 a - the ring of the Assorted Deaths {rPois rF+ Str+3 Stlth+}
   (You found it on level 4 of the Lair of Beasts)

   [ring of stealth]

   It affects your strength (+3).
   It protects you from fire.
   It protects you from poison.
   It makes you more stealthy.
 d - an uncursed ring of wizardry
 m - an uncursed ring of protection from cold
 J - an uncursed amulet of regeneration
 K - the amulet of Firireos (around neck) {Reflect rF+ Str+2 Dex+3 SH+3}
   (You found it on level 6 of the Lair of Beasts)

   [amulet of reflection]

   It shields you and reflects attacks.
   It affects your strength (+2).
   It affects your dexterity (+3).
   It protects you from fire.
   It affects your SH (+3).
 L - an uncursed ring of protection from cold
Wands
 w - a wand of iceblast (1/15)
 y - a wand of lightning (8/15)
 A - a wand of confusion (19/48)
 F - a wand of acid (8/15)
 N - a wand of iceblast (6/15)
 T - a wand of slowing (19/48)
 V - a wand of polymorph (22/24)
 Y - a wand of paralysis (11/24)
Scrolls
 i - 3 scrolls of fear
 j - 4 scrolls of enchant weapon
 n - 5 scrolls of enchant armour
 o - a scroll of identify
 q - 3 scrolls of remove curse
 r - 3 scrolls of noise
 v - 3 scrolls of amnesia
 z - a scroll of magic mapping
 U - 2 scrolls of acquirement
Potions
 c - a potion of cancellation
 h - a potion of cure mutation
 l - 2 potions of magic
 p - 2 potions of agility
 t - 11 potions of curing
 u - 2 potions of lignification
 C - 3 potions of flight
 D - 4 potions of heal wounds
 E - a potion of beneficial mutation
 H - 3 potions of ambrosia
 I - 5 potions of might
 W - a potion of resistance
 X - 3 potions of brilliance
Books
 s - a book of Summonings

   Spells                             Type                      Level
   a - Recall                         Summoning/Translocation      3
   b - Aura of Abjuration             Summoning                    5
   c - Summon Demon                   Summoning                    5
   d - Summon Forest                  Summoning/Translocation      5
   e - Summon Mana Viper              Hexes/Summoning              5
   f - Shadow Creatures               Summoning                    6
 x - a Necronomicon

   Spells                             Type                      Level
   a - Haunt                          Necromancy/Summoning         7
   b - Borgnjor's Revivification      Necromancy                   8
   c - Death's Door                   Charms/Necromancy            8
   d - Infestation                    Necromancy                   8
   e - Necromutation                  Transmutation/Necromancy     8
 P - a book of Cantrips

   Spells                             Type                      Level
   a - Confusing Touch                Hexes                        1
   b - Animate Skeleton               Necromancy                   1
   c - Summon Small Mammal            Summoning                    1
   d - Apportation                    Translocation                1
 Z - a book of the Tempests

   Spells                             Type                      Level
   a - Static Discharge               Conjuration/Air              3
   b - Lightning Bolt                 Conjuration/Air              5
   c - Fireball                       Conjuration/Fire             5
   d - Tornado                        Air                          9
   e - Shatter                        Earth                        9
Miscellaneous
 b - 2 sacks of spiders
Comestibles
 f - 5 bread rations
 k - 8 meat rations


   Skills:
 + Level 9.5 Fighting
 * Level 17.0 Axes
 + Level 10.3 Armour
 + Level 7.1 Dodging
 - Level 10.6 Shields
 + Level 9.3 Invocations


You had 14 spell levels left.
You didn't know any spells.

Dungeon Overview and Level Annotations

Branches:
Dungeon (10/15)            Temple (1/1) D:4            Lair (6/6) D:8
 Shoals (0/4) Lair:2       Spider (0/4) Lair:4        Slime (0/5) Lair:6
    Orc (2/2) D:10            Elf (0/3) Orc:2

Altars:
Ashenzari
Cheibriados
Dithmenos
Elyvilon
Fedhas
Gozag
Hepliaklqana
Kikubaaqudgha
Makhleb
Nemelex Xobeh
Okawaru
Pakellas
Qazlal
Ru
Sif Muna
Trog
Uskayaw
Vehumet
Xom
Yredelemnul
Zin
The Shining One
Beogh
Jiyva

Shops:
D:4 [   D:6 *   D:8 (   D:9 ?

Annotations:
Lair:2 exclusion: oklob plant


Innate Abilities, Weirdness & Mutations

You are under a permanent stasis effect.
You can dig through walls and to a lower floor.
Your four strong arms can wield two-handed weapons with a shield.
You have a pair of large antennae on your head. (SInv)
You occasionally shout uncontrollably at your foes.


Message History

You feel somewhat more hungry. The soul eater completely misses you.
The hellwing hits you but does no damage.
You block the hellwing's attack.
The orc high priest hits you but does no damage.
The neqoxec gestures at you.
Strange energies course through your body.
You feel the urge to shout. The orc warrior barely misses you.
You block the red devil's attack.
You slice the orc high priest!!
You feel better.
You kill the orc high priest!
Cheibriados thoroughly appreciates the change of pace.
You slice the neqoxec!!
You kill the neqoxec!
You hit the soul eater. You slash the orc high priest! You hit the hellwing.
The red devil disappears in a puff of smoke!
You block the orc high priest's attack. You block the hellwing's attack.
The hellwing hits you but does no damage.
You block the soul eater's attack.
The orc warrior hits you from afar with a trident!!
You die...

.## { ## ..... { ##
#...# .## #...# ..#
########...##### ..##
####.#.............
...###.##.#.............
.....).))..)..o)))......
...#..)))..)..)4@3......
..##..))).....§))o)...⌠.
...##)#........)))......
..##)###................
.####.###.#.............
## ### #.#.............
##### ########...#####
.##.#.## #...# .#.....#
...#


You could see a soul eater, an orc high priest, a hellwing and an orc warrior.

Vanquished Creatures
  An orc warlord (Orc:2)
  Snorg (Orc:1)
  2 fire dragons (Lair:6)
  Fannar (D:10)
  4 hydras
  Erica (D:8)
  3 death yaks (Lair:6)
  4 orc high priests
  3 orc knights (Orc:2)
  A hill giant (D:10)
  2 lindwurms (Lair:6)
  4 orc sorcerers
  A griffon (Lair:3)
  Pikel (D:7)
  A wolf spider (Lair:4)
  A cyclops (Orc:2)
  4 elephants (Lair:3)
  5 black mambas
  9 spiny frogs
  7 torpor snails
  3 rime drakes
  9 komodo dragons
  A troll (Orc:2)
  6 giant leeches (Lair:6)
  A two-headed ogre (Orc:2)
  11 blink frogs (Lair:5)
  40 yaks
  A hungry ghost (D:8)
  A wyvern (D:8)
  Grum (D:8)
  9 hippogriffs
  Menkaure (D:7)
  3 mottled dragons (Lair:6)
  2 wargs (Orc:2)
  11 water moccasins
  10 porcupines
  A black bear (D:6)
  2 phantoms (D:8)
  2 swamp drakes (Lair:6)
  5 ice beasts
  22 orc warriors
  2 sky beasts
  4 wasps (Lair:6)
  9 ogres
  6 centaurs
  10 wolves
  11 crocodiles
  3 big kobolds
  15 giant frogs
  A gnoll sergeant (D:8)
  A wyvern zombie (D:10)
  A wyvern skeleton (D:8)
  3 scorpions
  3 wights
  A howler monkey (D:4)
  2 electric eels (Lair:2)
  8 crimson imps
  2 quasits (D:9)
  26 orc priests
  3 jellies
  2 hounds
  25 orc wizards
  3 giant frog skeletons
  15 iguanas
  9 worker ants
  15 sheep
  2 hound skeletons
  15 gnolls
  A howler monkey skeleton (D:5)
  13 adders
  48 river rats
  4 shadow imps
  3 oozes
  17 worms (Lair:6)
  5 giant geckos
  66 orcs
  10 giant cockroaches
  3 goblins
  3 hobgoblins
  14 jackals
  8 quokkas
  3 ball pythons
  4 bats
  A giant cockroach zombie (D:5)
  A giant gecko skeleton (D:9)
  5 giant newts
  12 kobolds
  A quokka skeleton (D:8)
  6 rats
  4 fungi
  5 plants (Lair:6)
  2 toadstools (Lair:2)
634 creatures vanquished.

Vanquished Creatures (others)
  A slave (D:7)
  A centaur (D:9)
  A jelly (D:7)
  A centaur skeleton (D:7)
  An orc wizard (D:7)
  A river rat (Lair:2)
  An orc (D:7)
  5 fungi
  23 plants
  13 toadstools (Lair:2)
48 creatures vanquished.

Grand Total: 682 creatures vanquished

Notes
Turn   | Place    | Note
-------+----------+-------------------------------------------
     0 | D:1      | Ladykiller69 the Formicid Fighter began the quest for the Orb.
     0 | D:1      | Reached XP level 1. HP: 18/18 MP: 1/1
   159 | D:1      | Reached XP level 2. HP: 22/24 MP: 2/2
   399 | D:1      | Reached XP level 3. HP: 29/29 MP: 3/3
  1047 | D:2      | Reached XP level 4. HP: 36/37 MP: 4/4
  1129 | D:2      | Found a shattered altar of Ashenzari.
  1652 | D:3      | Found an oddly glowing altar of Pakellas.
  2028 | D:4      | Reached XP level 5. HP: 39/42 MP: 5/5
  2067 | D:4      | Reached skill level 3 in Axes
  2129 | D:4      | Found Unixadix's Armour Boutique.
  2171 | D:4      | Reached XP level 6. HP: 31/48 MP: 6/6
  2197 | D:4      | Reached skill level 5 in Shields
  2268 | D:4      | Found a staircase to the Ecumenical Temple.
  2301 | Temple   | Entered the Ecumenical Temple
  2539 | D:4      | Found an opulent altar of Gozag.
  2639 | D:4      | Noticed an ogre
  2644 | D:4      | You fall through a shaft!
  2644 | D:5      | Entered Level 5 of the Dungeon
  2656 | D:5      | Reached skill level 5 in Armour
  2681 | D:5      | Noticed an ogre
  2925 | D:4      | Killed an ogre
  2925 | D:4      | Reached skill level 4 in Axes
  2925 | D:4      | Reached XP level 7. HP: 25/54 MP: 7/7
  3217 | D:5      | You fall through a shaft!
  3629 | D:5      | Reached skill level 5 in Axes
  3877 | D:5      | Found a glowing silver altar of Zin.
  3878 | D:5      | Found a snail-covered altar of Cheibriados.
  3884 | D:5      | Became a worshipper of Cheibriados the Contemplative
  4090 | D:5      | Found a shimmering altar of Xom.
  4103 | D:5      | Reached XP level 8. HP: 60/60 MP: 8/8
  4284 | D:5      | Reached * piety under Cheibriados
  4294 | D:5      | Reached skill level 6 in Axes
  4477 | D:6      | Found Nycos's General Store.
  4485 | D:6      | Bought a potion of heal wounds for 60 gold pieces
  4485 | D:6      | Bought a scroll of enchant weapon for 90 gold pieces
  4956 | D:6      | Reached skill level 7 in Axes
  5065 | D:6      | Reached XP level 9. HP: 36/65 MP: 9/9
  5128 | D:7      | Reached ** piety under Cheibriados
  5164 | D:7      | Noticed Pikel
  5188 | D:7      | Killed Pikel
  5188 | D:7      | Reached skill level 8 in Axes
  5206 | D:7      | Reached skill level 10 in Shields
  5468 | D:7      | Found an opulent altar of Gozag.
  5483 | D:7      | Noticed Menkaure
  5496 | D:7      | Killed Menkaure
  5829 | D:7      | Reached skill level 9 in Axes
  6004 | D:8      | Found a sparkling altar of Nemelex Xobeh.
  6188 | D:8      | Found Wycemyxuid's Antique Weapon Shoppe.
  6250 | D:8      | Reached XP level 10. HP: 52/71 MP: 10/10
  6266 | D:8      | Noticed Erica
  6269 | D:8      | You fall through a shaft!
  6530 | D:9      | Reached *** piety under Cheibriados
  6659 | D:8      | You fall through a shaft!
  6767 | D:9      | Found a bloodstained altar of Trog.
  6851 | D:9      | Reached skill level 10 in Axes
  6876 | D:9      | Found Keammuigusk's Magic Scroll Boutique.
  6879 | D:9      | Bought a scroll of identify for 28 gold pieces
  7147 | D:4      | Bought the +0 cloak of Trumpets {rPois rF+ Str+2} for 322 gold pieces
  7656 | D:8      | Killed Erica
  7656 | D:8      | Reached **** piety under Cheibriados
  7656 | D:8      | Reached skill level 11 in Axes
  7794 | D:8      | Noticed a komodo dragon
  7810 | D:8      | Killed a komodo dragon
  7872 | D:8      | Reached skill level 12 in Axes
  7888 | D:8      | Noticed Grum
  7918 | D:8      | Killed Grum
  7929 | D:8      | Reached XP level 11. HP: 18/77 MP: 11/11
  8304 | D:8      | Found a staircase to the Lair.
  8352 | Lair:1   | Entered Level 1 of the Lair of Beasts
  8385 | Lair:1   | Reached skill level 13 in Axes
  8668 | Lair:1   | Reached ***** piety under Cheibriados
  8724 | Lair:1   | Reached skill level 1 in Invocations
  8730 | Lair:1   | Reached skill level 1 in Dodging
  9212 | Lair:2   | Found a blossoming altar of Fedhas.
  9223 | Lair:2   | Noticed an oklob plant
  9297 | Lair:2   | Reached skill level 14 in Axes
  9372 | Lair:2   | Found a staircase to the Shoals.
  9422 | Lair:2   | Reached skill level 5 in Fighting
  9432 | Lair:2   | Reached ****** piety under Cheibriados
  9445 | Lair:2   | Reached XP level 12. HP: 86/86 MP: 14/14
 10203 | Lair:4   | Got a smoking amber ring
 10300 | Lair:4   | Reached skill level 5 in Invocations
 10382 | Lair:4   | Reached skill level 15 in Axes
 10445 | Lair:4   | Identified the ring of the Assorted Deaths {rPois rF+ Str+3 Stlth+} (You found it on level 4 of the Lair of Beasts)
 10516 | Lair:4   | Noticed a six-headed hydra
 10524 | Lair:4   | Killed a one-headed hydra
 10524 | Lair:4   | Reached XP level 13. HP: 61/95 MP: 17/17
 10543 | Lair:4   | Found a hole to the Spider Nest.
 11475 | Lair:6   | Entered Level 6 of the Lair of Beasts
 11517 | Lair:6   | Noticed a seven-headed hydra
 11527 | Lair:6   | Killed a three-headed hydra
 11604 | Lair:6   | Reached skill level 5 in Dodging
 11615 | Lair:6   | Noticed an eight-headed hydra
 11630 | Lair:6   | Killed a three-headed hydra
 11802 | Lair:6   | Found a viscous altar of Jiyva.
 11825 | Lair:6   | Found a runed door.
 11860 | Lair:6   | Noticed a fire dragon
 11881 | Lair:6   | Killed a fire dragon
 11959 | Lair:6   | Reached skill level 16 in Axes
 11989 | Lair:6   | Reached XP level 14. HP: 104/104 MP: 19/19
 12013 | Lair:6   | Got a sparkling iron amulet
 12020 | Lair:6   | Identified the amulet of Firireos {Reflect rF+ Str+2 Dex+3 SH+3} (You found it on level 6 of the Lair of Beasts)
 12120 | Lair:6   | Identified 3 scrolls of acquirement
 12174 | Lair:6   | Found a staircase to the Slime Pits.
 12946 | D:10     | Entered Level 10 of the Dungeon
 13327 | D:10     | Found a burning altar of Makhleb.
 13327 | D:10     | Noticed a cacodemon
 13364 | D:10     | Noticed Fannar
 13376 | D:10     | Killed Fannar
 13404 | D:10     | Found a staircase to the Orcish Mines.
 13416 | Orc:1    | Entered Level 1 of the Orcish Mines
 13592 | Orc:1    | Found a roughly hewn altar of Beogh.
 13815 | Orc:1    | Noticed Snorg
 13829 | Orc:1    | Killed Snorg
 13885 | Orc:2    | Entered Level 2 of the Orcish Mines
 14205 | Orc:2    | Found a roughly hewn altar of Beogh.
 14275 | Orc:2    | Found a staircase to the Elven Halls.
 14508 | Orc:2    | Reached skill level 10 in Armour
 14577 | Orc:2    | Noticed an orc warlord
 14589 | Orc:2    | Killed an orc warlord
 14625 | Orc:2    | Reached XP level 15. HP: 99/114 MP: 21/21
 14644 | Orc:2    | Reached skill level 17 in Axes
 14650 | Orc:2    | Gained mutation: You occasionally shout uncontrollably at your foes. [a neqoxec]
 14651 | Orc:2    | Mangled by an orc warrior

Vault maps used:
D:1:      mainiacjoe_arrival_reflecting_pool
D:2:      nicolae_overflow_hidden_temple
D:3:      grunt_pakellas_basics, nicolae_underground_beach
D:4:      kennysheep_little_box, serial_shops, shop
D:5:      gammafunk_temple_overflow_pools, first_bread, serial_park_tiny_1,
          corexii_item_surrounded_by_moat, glass_columns_c, led_xom_imps
D:6:      serial_shops, nicolae_shop_window_shopping
D:7:      basic_altar, uniq_menkaure, uniq_pikel
D:8:      lemuel_coloured_pillars_altar, david_lair_shrubbed, serial_shops,
          kennysheep_mini, blue_anna_alchemist, st_stairs_11,
          nicolae_zen_rock_garden, grunt_decor_clamped, uniq_erica, uniq_grum
D:9:      old_standard_altar, serial_shops, kennysheep_mini_moat,
          kennysheep_generic_room_8
D:10:     orc_0_dummy, makhleb_altar_promises_db, uniq_fannar
Temple:   regret_index_temple_generic_petals
Lair:1:   grunt_megastairs_2, lemuel_fruit_fields, serial_bayou_shore_b
Lair:2:   minmay_shoals_entry_hut, tgw_fedhas, lemuel_fruit_tree
Lair:4:   spider_nest_entry_rubble
Lair:5:   bh_autumn_forest_stairs, serial_bayou_shore_a
Lair:6:   wormcave, guppyfry_lair_end_dragon, slime_altar_1, grunt_megastairs_4
Orc:1:    bh_open_orc_temple, uniq_snorg
Orc:2:    st_orc_congregation, minmay_orc_temple_b

Skill      XL: |  1  2  3  4  5  6  7  8  9 10 11 12 13 14 15 |
---------------+----------------------------------------------+-----
Shields        | 4 5 6 8 10 | 10.6
Armour         | 4 5 7 8 10 | 10.3
Fighting       | 4 5 6 7 9 |  9.5
Axes           | 3 4 5 7 9 12 14 15 16 17 | 17.0
Invocations    | 3 5 7 9 |  9.3
Dodging        | 2 4 5 6 7 |  7.1

Action                   |  1- 3 |  4- 6 |  7- 9 | 10-12 | 13-15 || total
-------------------------+-------+-------+-------+-------+-------++-------
Melee: War axe           |   144 |   182 |   370 |   737 |   386 ||  1819
       Scimitar          |       |       |       |     8 |    36 ||    44
       Broad axe         |       |       |       |       |   447 ||   447
Invok: Slouch            |       |       |       |       |     2 ||     2
 Abil: Dig               |     1 |     1 |    15 |     7 |    11 ||    35
       Shaft Self        |       |     1 |     1 |     2 |       ||     4
  Use: Potion            |       |     1 |       |     2 |       ||     3
       Scroll            |       |       |       |    18 |    10 ||    28
 Stab: Distracted        |       |       |       |     1 |       ||     1
  Eat: Chunk             |     1 |     7 |    10 |     8 |     6 ||    32
       Bread ration      |       |       |     1 |     1 |     4 ||     6
       Pizza             |       |       |       |     1 |     3 ||     4
       Beef jerky        |       |       |       |     2 |     1 ||     3
       Fruit             |       |       |       |       |     2 ||     2
Armor: Scale mail        |    63 |    66 |    78 |    43 |       ||   250
       Plate armour      |       |       |       |   153 |   235 ||   388
Dodge: Dodged            |    54 |    79 |    87 |   187 |   284 ||   691
Block: Shield            |   107 |   133 |   222 |   591 |   859 ||  1912
       Reflection        |       |       |       |       |    16 ||    16
